 Dungeon Crawl Stone Soup version 0.15.2 (webtiles) character file.

21245 bullock the Covert (level 12, 0/87 HPs)
             Began as an Octopode Wizard on Nov 28, 2014.
             Was a High Priest of Sif Muna.
             Killed from afar by a fire dragon (22 damage)
             ... with a blast of flame
             ... in a volcano.
             The game lasted 01:13:10 (20024 turns).

bullock the Covert (Octopode Wizard)               Turns: 20024, Time: 01:13:10

HP   0/87        AC  4     Str  7      XL: 12   Next: 88%
MP  33/47        EV 13     Int 24      God: Sif Muna [*****.]
Gold 324         SH  5     Dex 11      Spells:  6 memorised, 12 levels left

rFire  + . .     SeeInvis .     P - +8 short sword "Death Rattle" {slice, rPois rC++}
rCold  + + .     Clarity  .     Y - +2 buckler {AC+3}
rNeg   . . .     rCorr    .     (helmet restricted)
rPois  +         rRot     .     (no amulet)
rElec  .         Spirit   .     m - ring of magical power
SustAb +         Warding  .     k - ring of magical power
rMut   .         Stasis   .     o - ring of sustain abilities
Gourm  .                        s - ring of protection from fire
MR     +....                    y - ring of wizardry
                                S - ring of flight
                                (no ring)
                                (no ring)

@: somewhat resistant to hostile enchantments, very stealthy
A: almost no armour, amphibious, 8 rings, constrict 8, camouflage 1, blurry
vision 1, deterioration 1, magic resistance 1, gelatinous body 1
a: Channel Energy, Forget Spell, Renounce Religion, Evoke Flight


You were in a volcano.
You worshipped Sif Muna.
Sif Muna was extremely pleased with you.
You were not hungry.

You visited 3 branches of the dungeon, and saw 14 of its levels.
You also visited: Volcano.

You collected 580 gold pieces.
You spent 256 gold pieces at shops.

Inventory:

Hand weapons
 P - the +8 short sword "Death Rattle" (weapon) {slice, rPois rC++}
   (You bought it in a shop on level 6 of the Dungeon)

   It inflicts extra damage upon your enemies.
   It greatly protects you from cold.
   It protects you from poison.
Armour
 Y - a +2 buckler of protection (worn)
Magical devices
 b - a wand of disintegration (16)
 q - a wand of cold (0)
 t - a wand of random effects (12)
 A - a wand of lightning (4)
 G - a wand of heal wounds (4)
 J - a wand of cold (0)
 K - a wand of draining (2)
 X - a wand of draining (0)
Comestibles
 d - 11 bread rations
 C - a meat ration
 W - a fruit
Scrolls
 a - a scroll of enchant armour {unknown}
 f - 2 scrolls of enchant weapon
 j - 3 scrolls of recharging
 n - 4 scrolls of amnesia
 p - 4 scrolls of blinking
 v - a scroll of vulnerability {unknown}
 B - 2 scrolls of fear {unknown}
 E - a scroll of silence {unknown}
 F - 2 scrolls of summoning {unknown}
 L - a scroll of brand weapon
 N - a scroll of holy word {unknown}
 O - 2 scrolls of remove curse
 Q - 3 scrolls of teleportation
 Z - 2 scrolls of immolation {unknown}
Jewellery
 k - a ring of magical power (right tentacle)
 m - a ring of magical power (left tentacle)
 o - a ring of sustain abilities (on tentacle)
 s - a ring of protection from fire (on tentacle)
 y - a ring of wizardry (on tentacle)
 S - a ring of flight (on tentacle)
Potions
 e - 2 potions of invisibility
 g - a potion of cancellation
 h - 2 potions of restore abilities {unknown}
 i - 5 potions of heal wounds {unknown}
 l - 2 potions of curing
 r - 2 potions of haste
 u - 4 potions of might {unknown}
 w - 4 potions of agility {unknown}
 z - 2 potions of brilliance {unknown}
 D - a potion of mutation {unknown}
 H - 2 potions of flight {unknown}
 I - a potion of confusion {unknown}
 R - a potion of magic {unknown}
 T - a potion of resistance {unknown}
Books
 c - a book of Minor Magic

   Spells                             Type                      Level
   *Magic Dart                        Conjuration                  1
   *Blink                             Translocation                2
   Call Imp                           Summoning                    2
   *Repel Missiles                    Charms/Air                   2
   Slow                               Hexes                        2
   *Conjure Flame                     Conjuration/Fire             3
   *Mephitic Cloud                    Conjuration/Poison/Air       3
 x - a book of the Tempests

   Spells                             Type                      Level
   Static Discharge                   Conjuration/Air              3
   Lightning Bolt                     Conjuration/Air              5
   *Fireball                          Conjuration/Fire             5
   Tornado                            Air                          9
   Shatter                            Earth                        9
 M - a book of Fire

   Spells                             Type                      Level
   Ignite Poison                      Fire/Transmutation           5
   *Fireball                          Conjuration/Fire             5
   Bolt of Fire                       Conjuration/Fire             6
   Delayed Fireball                   Conjuration/Fire             7
   Ring of Flames                     Charms/Fire                  7
 U - a Young Poisoner's Handbook

   Spells                             Type                      Level
   Sting                              Conjuration/Poison           1
   Cure Poison                        Poison                       2
   *Mephitic Cloud                    Conjuration/Poison/Air       3
   Olgreb's Toxic Radiance            Poison                       4
   Venom Bolt                         Conjuration/Poison           5
 V - a book of Burglary

   Spells                             Type                      Level
   Swiftness                          Charms/Air                   2
   Passwall                           Transmutation/Earth          3
   Passage of Golubria                Translocation                4
   Lee's Rapid Deconstruction         Earth                        5
   Invisibility                       Hexes                        6
   Darkness                           Hexes                        7


   Skills:
 * Level 9.9 Fighting
 * Level 5.7 Dodging
 - Level 10.2 Stealth
 - Level 1.2 Shields
 + Level 8.7 Spellcasting
 + Level 10.0 Conjurations
   Level 1.0 Summonings
 - Level 4.1 Translocations
 * Level 8.9 Fire Magic


You had 12 spell levels left.
You knew the following spells:

 Your Spells              Type           Power        Failure   Level  Hunger
a - Magic Dart            Conj           ####         1%          1    None
e - Fireball              Conj/Fire      ######....   1%          5    ####...
f - Conjure Flame         Conj/Fire      ######..     1%          3    None
q - Blink                 Tloc           N/A          1%          2    None
r - Mephitic Cloud        Conj/Pois/Air  ####....     1%          3    None
v - Repel Missiles        Chrm/Air       ##....       4%          2    None


Dungeon Overview and Level Annotations

Branches:
Dungeon (12/15)            Temple (1/1) D:6             Orc (0/4) D:12
   Lair (1/8) D:8

Altars:
Ashenzari
Cheibriados
Dithmenos
Elyvilon
Fedhas
Kikubaaqudgha
Makhleb
Nemelex Xobeh
Okawaru
Qazlal
Sif Muna
Trog
Vehumet
Xom
Yredelemnul
Zin
The Shining One
Beogh

Shops:
D:4 =   D:6 (   D:10 (


Innate Abilities, Weirdness & Mutations

You cannot wear most types of armour.
You are amphibious.
You can wear up to eight rings at the same time.
You can use your tentacles to constrict many enemies at once.
Your skin changes colour to match your surroundings (Stealth).
Your rubbery body absorbs attacks (AC +1).
Your vision is a little blurry.
Your body is slowly deteriorating.
You are resistant to hostile enchantments.


Message History

The blast of flame misses you.
Casting: Blink
Confirm with . or Enter, or press ? or * to list all spells.
You blink.
Evoke which item? (* to show all) (? for menu, Esc to quit)
Zapping:
K - a wand of draining {zapped: 2}
Press: ? - help, Shift-Dir - straight line, f/p - fire dragon
Aim: a fire dragon (severely wounded, fast, catching its breath)
The bolt of negative energy hits the fire dragon.
The fire dragon is drained!
The fire dragon is almost dead.
The fire dragon bites you but does no damage.
The fire dragon claws you but does no damage.
The fire dragon completely misses you.
Casting: Blink
Confirm with . or Enter, or press ? or * to list all spells.
You blink.
The fire dragon breathes flames at you. The blast of flame hits you!
You resist.
You die...

######### #####.### ### #§§
#...##..### #####..######.#####
#∩.....#..###§D.....§§......###
#.....∩#####........≈≈§§§§≈§.....
#≈...§§# ###....≈≈§≈§§≈≈≈§≈....
#≈≈.≈§## #.....≈≈≈≈≈≈≈≈§≈§§....
##§≈§## ##.....§≈≈≈≈≈≈≈≈≈§§..#
#§§## #....§§§≈≈≈≈§≈≈§≈.§.## ##§#
##...@≈§≈≈≈≈§§≈.....# ###
#.#...§.≈≈≈§§§§.§.##
##.#.............##
#%###..###..##...# §.# ####
#.#####.# ≈§≈) ### ##.## §§§..
#..### §§≈§ ####..≈## §§
##...∩.§≈#


You could see a fire dragon.

Vanquished Creatures
  Nessos (D:11)
  The ghost of bullock the Thaumaturge, a powerful OpWz of Sif Muna (D:10)
  Erolcha (D:8)
  5 skeletal warriors (D:11)
  3 hill giants
  A cyclops (D:12)
  An ugly thing (D:12)
  Maurice (D:11)
  A komodo dragon (D:8)
  2 fire drakes (Volcano)
  A merfolk (D:10)
  A two-headed ogre (D:12)
  7 trolls
  A trapdoor spider zombie (D:11)
  A wyvern (D:12)
  A basilisk (D:12)
  A wraith (D:11)
  10 yaks
  A water elemental (D:11)
  2 deep elf magi
  A hill giant zombie (D:10)
  2 hungry ghosts
  4 vampire mosquitoes (D:10)
  A steam dragon (D:8)
  A hill giant skeleton (D:9)
  4 hippogriffs
  Menkaure (D:7)
  3 mottled dragons
  3 ice beasts
  10 orc warriors
  A water moccasin (D:6)
  A necrophage (D:9)
  A yellow wasp (D:9)
  2 phantoms
  7 ogres
  2 crocodiles
  5 centaurs
  Sigmund (D:4)
  5 big kobolds
  A cyclops zombie (D:11)
  4 giant frogs
  A cyclops skeleton (D:11)
  An eye of draining (D:12)
  6 scorpions
  4 killer bees (D:10)
  5 wights (D:12)
  6 electric eels
  5 crimson imps
  A quasit (D:5)
  4 goliath beetles
  2 jellies
  A giant frog zombie (D:9)
  10 orc wizards
  Crazy Yiuf (D:4)
  11 orc priests
  11 hounds
  A giant frog skeleton (D:11)
  12 iguanas
  7 worker ants
  An elf skeleton (D:12)
  An ogre skeleton (D:6)
  7 gnolls
  2 orc zombies
  20 adders
  A shadow imp (D:9)
  2 giant mites
  3 worms
  An iguana zombie (D:9)
  An iguana skeleton (D:7)
  5 giant geckos
  60 orcs
  14 bats
  5 giant cockroaches
  14 goblins
  15 hobgoblins
  12 jackals
  4 quokkas
  2 ball pythons (D:2)
  4 giant newts
  3 giant spores
  3 goblin skeletons
  A goblin zombie (D:5)
  A jackal skeleton (D:5)
  45 kobolds
  19 rats
  A rat zombie (D:6)
  6 ballistomycetes
445 creatures vanquished.

Vanquished Creatures (others)
  A mottled dragon (Volcano)
1 creature vanquished.

Grand Total: 446 creatures vanquished

Notes
Turn   | Place    | Note
--------------------------------------------------------------
     0 | D:1      | bullock, the Octopode Wizard, began the quest for the Orb.
     0 | D:1      | Reached XP level 1. HP: 11/11 MP: 4/4
   258 | D:1      | Reached XP level 2. HP: 12/17 MP: 0/6
   602 | D:1      | Learned a level 2 spell: Blink
   605 | D:1      | Learned a level 2 spell: Repel Missiles
  1035 | D:1      | Reached XP level 3. HP: 21/21 MP: 5/8
  1268 | D:2      | Found a radiant altar of Vehumet.
  1398 | D:2      | Learned a level 3 spell: Conjure Flame
  1641 | D:2      | Reached XP level 4. HP: 21/27 MP: 10/10
  1647 | D:2      | Found a shadowy altar of Dithmenos.
  1733 | D:2      | HP: 1/27 [hobgoblin/club (1)]
  2634 | D:3      | Reached XP level 5. HP: 31/31 MP: 12/12
  2641 | D:3      | Reached skill level 4 in Stealth
  3913 | D:4      | Noticed Sigmund
  3925 | D:4      | Learned a level 3 spell: Mephitic Cloud
  3944 | D:4      | Killed Sigmund
  3944 | D:4      | Reached skill level 5 in Stealth
  3944 | D:4      | Reached XP level 6. HP: 36/36 MP: 9/15
  4201 | D:4      | Found Xeiwoeti's Jewellery Shoppe.
  4296 | D:4      | Reached skill level 5 in Conjurations
  4387 | D:4      | Reached XP level 7. HP: 37/41 MP: 17/17
  4772 | D:4      | Noticed Crazy Yiuf
  4786 | D:4      | Killed Crazy Yiuf
  4941 | D:4      | Reached skill level 6 in Stealth
  5355 | D:5      | Entered Level 5 of the Dungeon
  5991 | D:5      | Reached XP level 8. HP: 42/46 MP: 19/19
  6632 | D:5      | Reached skill level 5 in Spellcasting
  6653 | D:5      | Noticed a hungry ghost
  6674 | D:5      | Killed a hungry ghost
  6674 | D:5      | Reached skill level 7 in Stealth
  8202 | D:6      | Reached skill level 8 in Stealth
  8229 | D:6      | Found a sparkling altar of Nemelex Xobeh.
  8245 | D:6      | Found Tyodog's Antique Weapon Emporium.
  8375 | D:6      | Found a staircase to the Ecumenical Temple.
  8504 | Temple   | Entered the Ecumenical Temple
  8689 | D:7      | Reached XP level 9. HP: 31/51 MP: 11/22
  8872 | D:7      | Noticed Menkaure
  8960 | D:7      | Killed Menkaure
  9183 | D:7      | Found a bloodstained altar of Trog.
  9572 | D:8      | Reached skill level 1 in Fighting
  9587 | D:8      | Reached skill level 9 in Stealth
  9948 | D:8      | Found a deep blue altar of Sif Muna.
  9953 | D:8      | Became a worshipper of Sif Muna the Loreminder
 10439 | D:8      | Found a snail-covered altar of Cheibriados.
 10943 | D:8      | Noticed Erolcha
 10958 | D:8      | Killed Erolcha
 10958 | D:8      | Reached XP level 10. HP: 12/64 MP: 24/24
 11244 | D:8      | Found a staircase to the Lair.
 11246 | D:8      | Noticed a komodo dragon
 11274 | D:8      | Killed a komodo dragon
 11462 | D:8      | Learned a level 5 spell: Fireball
 11541 | D:8      | Reached skill level 5 in Dodging
 11782 | D:9      | Acquired Sif Muna's first power
 11787 | D:9      | Reached skill level 1 in Fire Magic
 11791 | D:9      | Reached skill level 5 in Fighting
 12420 | D:9      | Reached skill level 10 in Stealth
 12535 | D:9      | Found a stormy altar of Qazlal.
 12588 | D:9      | Found a shimmering altar of Xom.
 12595 | D:9      | Noticed an angel
 12597 | D:9      | Found a glowing silver altar of Zin.
 12714 | D:9      | Found a glowing golden altar of the Shining One.
 12749 | D:9      | Found a shattered altar of Ashenzari.
 13019 | D:10     | Entered Level 10 of the Dungeon
 13019 | D:10     | Found Utin's Antique Weapon Emporium.
 13163 | D:6      | Bought a crystal short sword for 256 gold pieces
 13164 | D:6      | Identified the +8 short sword "Death Rattle" {slice, rPois rC++} (You bought it in a shop on level 6 of the Dungeon)
 13381 | D:10     | Noticed bullock's ghost (powerful OpWz)
 13687 | D:10     | Reached XP level 11. HP: 54/72 MP: 26/26
 13827 | D:10     | Noticed a hill giant
 13836 | D:10     | Killed a hill giant
 13836 | D:10     | Acquired Sif Muna's second power
 14168 | D:10     | Killed bullock's ghost
 14298 | D:10     | Reached skill level 5 in Fire Magic
 14865 | D:10     | Found a snail-covered altar of Cheibriados.
 15172 | D:11     | Noticed Nessos
 15186 | D:11     | Killed Nessos
 15509 | D:11     | Noticed Maurice
 15778 | D:11     | Killed Maurice
 15932 | D:11     | Found a blossoming altar of Fedhas.
 16006 | D:11     | Noticed a skeletal warrior
 16636 | D:11     | Noticed a skeletal warrior
 16639 | D:11     | Noticed a skeletal warrior
 16655 | D:11     | Killed a skeletal warrior
 16655 | D:11     | Reached XP level 12. HP: 19/84 MP: 28/28
 16663 | D:11     | Killed a skeletal warrior
 16678 | D:11     | Noticed a skeletal warrior
 16712 | D:11     | Noticed a skeletal warrior
 16852 | D:10     | Noticed a hill giant
 16857 | D:10     | Killed a hill giant
 17365 | D:11     | Killed a skeletal warrior
 17365 | D:11     | Acquired Sif Muna's third power
 17375 | D:11     | Killed a skeletal warrior
 17397 | D:11     | Killed a skeletal warrior
 18418 | D:12     | Reached skill level 1 in Shields
 18701 | D:12     | Found a staircase to the Orcish Mines.
 18748 | D:12     | Found a roughly hewn altar of Beogh.
 19055 | D:12     | Gained mutation: Your body is slowly deteriorating. [mutagenic meat]
 19056 | D:12     | Gained mutation: Your vision is a little blurry. [mutagenic meat]
 19057 | D:12     | Gained mutation: You are resistant to hostile enchantments. [mutagenic meat]
 19229 | D:12     | Reached skill level 10 in Conjurations
 19600 | Lair:1   | Entered Level 1 of the Lair of Beasts
 19664 | Lair:1   | Found a dark tunnel.
 19674 | Volcano  | Entered a volcano
 20009 | Volcano  | Noticed a fire dragon
 20024 | Volcano  | Killed from afar by a fire dragon

Action                   |  1- 3 |  4- 6 |  7- 9 | 10-12 || total
-------------------------+-------+-------+-------+-------++-------
Melee: Unarmed           |    18 |       |       |       ||    18
       Spear             |    18 |    34 |       |       ||    52
       Dagger            |       |    12 |     7 |       ||    19
       Hammer            |       |       |    15 |       ||    15
       Trident           |       |       |   123 |    27 ||   150
       Short sword       |       |       |       |   151 ||   151
 Cast: Magic Dart        |    72 |   147 |   412 |   253 ||   884
       Repel Missiles    |     2 |       |     3 |     3 ||     8
       Conjure Flame     |       |     4 |    27 |    48 ||    79
       Mephitic Cloud    |       |     2 |    30 |    20 ||    52
       Blink             |       |       |    16 |    41 ||    57
       Fireball          |       |       |       |   161 ||   161
Invok: Channel Energy    |       |       |       |    23 ||    23
Evoke: Wand              |       |       |     4 |    13 ||    17
  Use: Scroll            |       |       |    13 |     4 ||    17
 Stab: Sleeping          |     1 |     1 |     1 |     4 ||     7
       Confused          |       |       |     2 |     5 ||     7
  Eat: Chunk             |     2 |     5 |    16 |    46 ||    69
       Bread ration      |       |     1 |       |       ||     1
       Meat ration       |       |       |     1 |     3 ||     4
       Beef jerky        |       |       |     1 |     1 ||     2
       Royal jelly       |       |       |       |     1 ||     1
       Fruit             |       |       |       |     1 ||     1
